 Dungeon Crawl Stone Soup version 0.30-a0-778-g2ef04afb54 (webtiles) character file.

Game seed: 2219393343268233453

336 Smoke131 the Trooper (level 6, -4/66 HPs)
             Began as an Ogre Gladiator on Feb 17, 2023.
             Slain by Duvessa
             ... wielding a +0 short sword
              (7 damage)
             ... on level 4 of the Dungeon.
             The game lasted 00:11:16 (4129 turns).

Smoke131 the Trooper (Ogre Gladiator)               Turns: 4129, Time: 00:11:17

Health: -4/66      AC:  3    Str: 19    XL:     6   Next: 54%
Magic:  6/6        EV: 11    Int:  9    God:
Gold:   200        SH:  5    Dex: 12    Spells: 5/5 levels left

rFire   . . .      SeeInvis .    a - +1 war axe
rCold   . . .      Faith    .    (no shield)
rNeg    . . .      Spirit   .    b - +0 robe
rPois   .          Reflect  +    c - +0 hat
rElec   .          Harm     .    (no cloak)
rCorr   .          Rampage  .    (gloves unavailable)
Will    .....                    (boots unavailable)
Stlth   +                        k - amulet of reflection
HPRegen 0.31/turn                (no ring)
MPRegen 0.10/turn                (no ring)

@: studying Shields
A: large, unfitting armour, tough skin 1
a: no special abilities


You were on level 4 of the Dungeon.
You visited 1 branch of the dungeon, and saw 4 of its levels.

You collected 200 gold pieces.

Inventory:

Hand Weapons
 a - a +1 war axe (weapon)
Missiles
 d - 3 throwing nets
 e - a large rock
 f - 15 stones
 h - 4 poisoned darts (quivered)
Armour
 b - a +0 robe (worn)
 c - a +0 hat (worn)
Jewellery
 k - an amulet of reflection (around neck)
Scrolls
 i - a scroll of magic mapping
 j - 5 scrolls of identify
 p - a scroll of immolation
Potions
 g - a potion of heal wounds
 l - a potion of cancellation
 o - 3 potions of curing
 q - a potion of flight
 s - a potion of lignification


   Skills:
 + Level 5.5 Fighting
 - Level 3.0 Axes
 + Level 4.1 Throwing
 + Level 4.3 Dodging


You had 5 spell levels left.
You didn't know any spells.
Your spell library was empty.

Dungeon Overview and Level Annotations

Branches:
Dungeon (4/15)
 Temple: D:4-7

Altars:

Shops:
D:1 !*?*

Annotations:
D:4 Dowan, Duvessa


Innate Abilities, Weirdness & Mutations

You are too large for most types of armour.
You have tough skin. (AC +1)


Message History

You slash Duvessa!
Duvessa is moderately wounded.
Duvessa hits you with a +0 short sword! x2
You closely miss Duvessa.
Duvessa is heavily wounded.
Duvessa hits you with a +0 short sword.
You closely miss Duvessa.
Duvessa is heavily wounded.
You hit Duvessa.
Duvessa is severely wounded.
Duvessa misses you. You block Dowan's attack. Duvessa barely misses you.
You hit Duvessa.
Duvessa is severely wounded.
You barely miss Dowan. Duvessa hits you but does no damage.
Dowan barely misses you.
You hit Duvessa but do no damage.
Duvessa is severely wounded.
You barely miss Dowan. Duvessa closely misses you.
Dowan hits you with a +0 dagger.
Dowan casts a spell at Duvessa.
Duvessa seems to speed up.
Duvessa barely misses you.
You barely miss Duvessa.
Duvessa is severely wounded.
You slash Dowan! Duvessa hits you with a +0 short sword.
Dowan casts a spell at you. You resist with some effort.
Duvessa hits you with a +0 short sword.
You hit Duvessa but do no damage.
Duvessa is almost dead.
You hit Dowan. Duvessa hits you with a +0 short sword!
Dowan hits you with a +0 dagger. Duvessa hits you with a +0 short sword.
You hit Duvessa but do no damage.
Duvessa is severely wounded.
You hit Dowan. Duvessa hits you with a +0 short sword.
* * * LOW HITPOINT WARNING * * *
Dowan casts a spell at you. The puff of frost hits you!
* * * LOW HITPOINT WARNING * * *
Duvessa says, "Where magic fails, the sword succeeds!"
Duvessa hits you with a +0 short sword!
You die...

#.....#....'....#....#..........
.....# #....##'###.......... ...
#.........#......)...
#.........##'####....
#...............#....
#...............#####
#....................
#....###'#...........
#...@#...#...........
#...ee...#...........
#....#(..#......###'#
#....#...#......#....
#....#...#......#....
#....#...#......#####
#....#[).'...........
#....#.).#...........
#....#...#...........


You could see Duvessa (fast, very poisoned) and Dowan.

Vanquished Creatures
  A jelly (D:4)
  2 iguanas (D:3)
  An orc wizard (D:4)
  6 gnolls
  8 adders
  A worm (D:3)
  A dart slug (D:4)
  12 orcs
  3 endoplasms (D:1)
  3 giant cockroaches
  14 goblins
  6 hobgoblins
  6 jackals (D:2)
  A quokka (D:3)
  10 ball pythons
  2 bats (D:3)
  3 frilled lizards (D:3)
  6 kobolds
  5 rats
91 creatures vanquished.

Notes
Turn   | Place    | Note
-------+----------+-------------------------------------------
     0 | D:1      | Smoke131 the Ogre Gladiator began the quest for the Orb.
     0 | D:1      | Reached XP level 1. HP: 22/22 MP: 1/1
    18 | D:1      | Found Mupadgh's Assorted Antiques.
    56 | D:1      | You fall into a shaft and drop 1 floor!
    89 | D:2      | Reached skill level 3 in Fighting
    95 | D:2      | Reached XP level 2. HP: 27/31 MP: 2/2
   339 | D:1      | Reached XP level 3. HP: 37/37 MP: 3/3
   354 | D:1      | Found Ireig's Distillery.
   609 | D:1      | Found Deorghaaq's Assorted Antiques.
   673 | D:1      | Found Qenoschi's Weapon Emporium.
   779 | D:1      | Found Ikajygum's Magic Scroll Emporium.
  1235 | D:2      | Reached XP level 4. HP: 26/48 MP: 4/4
  1366 | D:2      | Reached skill level 4 in Fighting
  2023 | D:3      | Reached XP level 5. HP: 51/55 MP: 5/5
  2829 | D:4      | Reached skill level 5 in Fighting
  2838 | D:4      | Reached XP level 6. HP: 61/66 MP: 6/6
  3598 | D:4      | Noticed Duvessa
  3601 | D:4      | Noticed Dowan
  4129 | D:4      | HP: 3/66 [Dowan/puff of frost (11)]
  4129 | D:4      | Slain by Duvessa

Illustrated notes

Levels and vault maps discovered:
D:1:      minmay_arrival_solitary_statue, layout_loops_ring, serial_shops,
          nicolae_shop_trees, shop, nicolae_square_shop, nicolae_lakefront_shop,
          nicolae_shop_bloodbath_and_beyond
D:2:      layout_rooms
D:3:      layout_loops_ring, grunt_decor_one_mirror,
          chequers_serial_rivers_small_a
D:4:      layout_gridville, uniq_duvessa, uniq_blork_the_orc

Skill      XL: |  1  2  3  4  5  6 |
---------------+-------------------+-----
Fighting       | 3 4 5 |  5.5
Dodging        | 3 4 |  4.3
Throwing       | 3 4 |  4.1
Axes           | |  3.0

Action                     |  1- 3 |  4- 6 || total
---------------------------+-------+-------++-------
  Melee: War axe           |   143 |   159 ||   302
  Throw: Dart              |       |    12 ||    12
         Large rock        |       |     4 ||     4
    Use: Potion            |     5 |     4 ||     9
         Scroll            |     1 |     9 ||    10
   Stab: Sleeping          |       |     2 ||     2
 Armour: Robe              |    58 |    31 ||    89
  Dodge: Dodged            |    94 |    88 ||   182
  Block: Other             |       |    42 ||    42

Table legend: (Time is in decaauts)
 A = Elapsed time spent in this place.
 B = Non-inter-level travel time spent in this place.
 C = Inter-level travel time spent in this place.
 D = Time resting spent in this place.
 E = Time spent auto-exploring this place.
 F = Levels seen in this place.
 G = Mean time per level.
                   A        B        C        D        E       F      G
               +--------+--------+--------+--------+--------+-----+--------+
         Total |   4253 |   4201 |     52 |    952 |   1955 |   4 | 1063.2 |
       Dungeon |   4253 |   4201 |     52 |    952 |   1955 |   4 | 1063.2 |
               +--------+--------+--------+--------+--------+-----+--------+

Top non-repeatable levels by time:
     D:3: 1170 daAuts
     D:4: 1134 daAuts
     D:1: 1130 daAuts
     D:2: 817 daAuts
